Map: Lightshade LE

Players

INnoVation

  • Race: Terran Terran
  • Spawn Location: 11:00

ShoWTimE - Winner!

  • Race: Protoss Protoss
  • Spawn Location: 5:00

Event: ASUS ROG Online 2020

VOD

Have the link to the VOD?

Description

Time

  • Played on: Nov. 28, 2020, 1:15 p.m.
  • Length: 15:09

All games in this series

Show
View Real Time Build Order
Export as new Build Order

INnoVation Terran 

Build Orders: Reaper Expand 

Get SALT Encoding   

  12  0:00  SCV  
  13  0:12  SCV  
  14  0:17  Supply Depot  
  14  0:24  SCV  
  15  0:38  SCV  
  15  0:40  Barracks  
  16  0:43  Refinery  
  16  0:51  SCV  
  17  1:03  SCV  
  18  1:15  SCV  
  19  1:27  Orbital Command, Reaper  
  20  1:44  Command Center  
  20  1:52  Supply Depot  
  20  1:56  SCV  
  20  1:59  Marine  
  23  2:08  SCV  
  23  2:12  Factory  
  23  2:18  Bunker  
  23  2:21  Barracks Reactor  
  23  2:23  SCV  
  23  2:29  Refinery  
  24  2:35  SCV  
  25  2:47  SCV  
  26  2:57  Orbital Command, Starport  
  26  2:58  Marine  
  26  2:59  SCV, Marine  
  31  3:12  SCV  
  32  3:17  Factory Tech Lab, Marine x2  
  32  3:23  SCV  
  32  3:24  SCV  
  34  3:33  Supply Depot  
  34  3:35  SCV  
  34  3:36  Barracks, SCV  
  34  3:37  Marine x2  
  34  3:41  Raven  
  38  3:44  Refinery  
  38  3:45  Factory Tech Lab  
  40  3:48  SCV x2  
  42  3:56  Supply Depot  
  42  4:00  SCV x2  
  44  4:04  Barracks  
  44  4:07  Siege Tank  
  47  4:14  Engineering Bay, SCV  
  47  4:15  SCV  
  49  4:19  Marine x2  
  51  4:27  SCV x2  
  51  4:30  Stimpack  
  53  4:31  Starport Reactor  
  53  4:32  Supply Depot  
  53  4:37  Marine x2  
  55  4:41  SCV x2  
  57  4:45  Terran Infantry Weapons Level 1  
  57  4:47  Factory Reactor  
  57  4:54  SCV  
  57  4:55  SCV  
  57  4:57  Marine x2  
  57  4:59  Refinery  
  65  5:00  Marauder x2  
  65  5:03  Combat Shield  
  65  5:06  Supply Depot  
  65  5:08  SCV  
  65  5:09  SCV  
  66  5:14  Supply Depot  
  66  5:20  SCV  
  66  5:21  Marauder, SCV  
  68  5:27  Medivac, Marine x2  
  68  5:28  Marauder  
  76  5:29  Supply Depot  
  76  5:31  Medivac  
  78  5:36  Widow Mine x2  
  78  5:39  Supply Depot  
  82  5:45  Marine x2  
  82  5:48  Marauder  
  86  5:51  Marauder  
  86  5:52  Supply Depot  
  88  5:57  Medivac  
  88  6:01  Medivac  
  88  6:02  Supply Depot, Widow Mine  
  96  6:04  Widow Mine  
  96  6:06  Marine x2  
  96  6:07  Supply Depot  
  96  6:08  SCV x2  
  100  6:14  Marauder x2  
  103  6:24  Marine x2  
  104  6:26  Widow Mine x2  
  104  6:29  Supply Depot  
  104  6:30  Concussive Shells  
  108  6:35  Marauder  
  108  6:36  Marauder  
  108  6:38  Medivac  
  114  6:40  Medivac  
  114  6:42  Supply Depot, Marine x2  
  116  6:50  Terran Infantry Armor Level 1  
  116  6:54  Widow Mine  
  118  6:55  Widow Mine  
  120  7:02  Marauder x2, Marine x2  
  120  7:07  Supply Depot  
  126  7:13  Command Center  
  124  7:19  Widow Mine x2  
  123  7:27  Marine x2  
  123  7:28  Marauder x2  
  109  7:36  Medivac x2  
  112  7:40  Widow Mine x2  
  116  7:49  SCV x2  
  118  7:52  Barracks  
  118  7:54  Barracks  
  118  7:59  Marauder x2  
  118  8:01  SCV x2  
  118  8:02  Widow Mine x2  
  118  8:03  Marine  
  118  8:04  Marine  
  130  8:10  Medivac x2  
  134  8:20  Marauder x2  
  134  8:21  Marine  
  134  8:22  SCV x2, Marine  
  142  8:28  Orbital Command  
  142  8:32  Widow Mine x2  
  146  8:38  SCV x2  
  146  8:44  Marauder  
  146  8:45  Marauder  
  146  8:47  Barracks Reactor, Barracks Tech Lab, Marine  
  146  8:48  Marine  
  138  8:50  Medivac x2  
  142  8:55  Widow Mine x2  
  120  9:05  Marine x2  
  120  9:06  Marauder x2  
  120  9:07  Marauder, SCV x2  
  129  9:18  Armory  
  129  9:20  Medivac x2, Widow Mine  
  129  9:24  Widow Mine  
  137  9:26  SCV x3  
  137  9:31  Refinery x2  
  140  9:34  Engineering Bay  
  140  9:41  Marauder x3  
  146  9:46  Widow Mine x2  
  146  9:52  Marine x4  
  150  10:03  Medivac x2  
  151  10:12  Marauder  
  151  10:13  Marauder x2, Widow Mine x2  
  161  10:18  Marine x4  
  165  10:24  Supply Depot  
  165  10:27  SCV x3  
  162  10:30  Terran Infantry Armor Level 2, Terran Infantry Weapons Level 2  
  150  10:39  Marauder x3, Widow Mine x2  
  150  10:40  Marine  
  159  10:50  Ghost Academy  
  159  10:51  Viking  
  159  10:53  Viking  
  163  11:00  Widow Mine  
  163  11:01  Widow Mine  
  167  11:08  Marauder x3  
  173  11:13  Marine x2  
  173  11:14  Marine  
  173  11:19  Marine  
  173  11:24  Widow Mine x2  
  140  11:33  Ghost x3  
  140  11:34  Marine x3  
  140  11:36  Enhanced Shockwaves  
  140  11:37  Marine  
  150  11:45  Widow Mine x2  
  154  11:49  Medivac x2  
  154  11:52  Command Center  
  158  11:56  Marine x2  
  158  11:57  Marine x2  
  162  12:06  Widow Mine  
  162  12:07  Widow Mine  
  166  12:13  Ghost x3  
  164  12:20  Marine x4  
  163  12:28  Widow Mine x2  
  152  12:31  Medivac x2  
  147  12:44  Marauder x3, Marine x4  
  132  12:49  SCV x3  
  135  12:56  Widow Mine  
  135  12:57  Widow Mine  
  139  13:04  Planetary Fortress  
  139  13:07  Marauder x3, Marine x4  
  149  13:18  Widow Mine x2  
  152  13:24  Barracks x2  
  152  13:25  Barracks  
  152  13:29  Marauder x3, Marine x3  
  152  13:34  Marine  
  155  13:39  Widow Mine x2  
  158  13:46  Medivac x2  
  158  13:47  Marine  
  163  13:49  Marine x2  
  163  13:50  Marauder x3  
  163  13:51  SCV x4, Marine  
  163  13:53  Refinery x2  
  163  13:55  Supply Depot x2  
  176  14:01  Widow Mine x2  
  178  14:05  Marine  
  178  14:07  Marine x2  
  178  14:09  Marine  
  178  14:12  Marauder x3  
  178  14:14  Barracks Tech Lab  
  178  14:15  Barracks Reactor, Barracks Tech Lab  
  184  14:22  Missile Turret, Marine  
  185  14:25  Widow Mine  
  185  14:26  Command Center, Sensor Tower  
  185  14:27  Widow Mine  
  145  14:31  Viking  
  145  14:34  Viking  
Show
View Real Time Build Order
Export as new Build Order

ShoWTimE Protoss - Winner!

Build Orders: 1 Gate Expand, Phoenix Opening, Blink Stalkers 

Get SALT Encoding   

  12  0:00  Probe  
  13  0:12  Probe  
  14  0:17  Pylon  
  14  0:24  Probe (Chrono Boost)  
  15  0:36  Probe (Chrono Boost)  
  15  0:37  Gateway  
  16  0:44  Probe (Chrono Boost)  
  16  0:46  Assimilator  
  17  0:51  Probe  
  18  1:03  Probe  
  19  1:15  Probe  
  20  1:26  Cybernetics Core  
  20  1:32  Nexus  
  20  1:35  Probe  
  21  1:42  Pylon  
  21  1:47  Probe  
  21  1:51  Assimilator  
  22  1:59  Adept (Chrono Boost)  
  22  2:00  Probe  
  25  2:09  Shield Battery  
  25  2:12  Probe (Chrono Boost)  
  25  2:13  Warp Gate  
  27  2:23  Probe (Chrono Boost)  
  27  2:24  Sentry  
  27  2:28  Probe (Chrono Boost)  
  30  2:40  Probe (Chrono Boost)  
  30  2:43  Twilight Council  
  31  2:46  Probe (Chrono Boost)  
  33  2:52  Stalker  
  33  2:55  Probe x2 (Chrono Boost)  
  36  3:00  Probe (Chrono Boost)  
  36  3:02  Probe  
  36  3:04  Phoenix  
  38  3:07  Gateway  
  38  3:11  Blink (Chrono Boost)  
  38  3:12  Probe  
  39  3:14  Probe  
  40  3:24  Probe  
  40  3:26  Pylon, Probe  
  42  3:36  Probe  
  42  3:37  Robotics Facility  
  42  3:38  Probe  
  44  3:49  Probe  
  44  3:51  Probe  
  46  4:01  Probe  
  46  4:02  Nexus  
  47  4:03  Probe  
  47  4:07  Pylon  
  48  4:10  Stalker  
  48  4:12  Stalker  
  48  4:13  Probe  
  48  4:15  Assimilator  
  54  4:17  Probe  
  54  4:25  Probe  
  54  4:26  Observer  
  54  4:27  Pylon  
  54  4:29  Probe  
  57  4:31  Forge  
  57  4:37  Stalker x2, Probe  
  62  4:42  Pylon  
  62  4:43  Charge  
  62  4:45  Probe  
  63  4:47  Observer  
  63  4:49  Probe  
  65  4:57  Gateway  
  65  4:58  Probe  
  66  5:00  Protoss Ground Armor Level 1 (Chrono Boost), Gateway  
  66  5:01  Probe  
  67  5:10  Probe  
  68  5:16  Immortal (Chrono Boost)  
  72  5:23  Gateway  
  72  5:24  Gateway  
  72  5:28  Gateway  
  72  5:30  Gateway  
  72  5:32  Sentry  
  72  5:33  Probe  
  72  5:34  Probe  
  72  5:35  Probe  
  77  5:40  Shield Battery  
  77  5:43  Sentry  
  77  5:47  Probe  
  77  5:48  Probe  
  81  5:50  Pylon  
  81  5:52  Immortal (Chrono Boost)  
  85  6:03  Zealot x3  
  91  6:05  Pylon  
  91  6:06  Pylon  
  91  6:10  Zealot  
  93  6:12  Pylon  
  93  6:25  Zealot x7  
  107  6:28  Pylon  
  107  6:29  Observer  
  108  6:37  Assimilator, Probe x3  
  108  6:39  Templar Archives  
  111  6:50  Zealot x6  
  111  6:52  Zealot  
  111  6:53  Zealot  
  125  6:54  Protoss Ground Armor Level 2 (Chrono Boost)  
  125  7:02  Pylon  
  124  7:10  Zealot x4  
  132  7:16  Pylon  
  132  7:19  Psionic Storm  
  130  7:23  Zealot  
  130  7:24  Zealot x3  
  110  7:36  Probe x3  
  109  7:39  Assimilator  
  109  7:41  Zealot x2, High Templar  
  115  7:48  Probe  
  115  7:49  Probe  
  115  7:50  Gateway, Probe  
  118  7:51  Warp Prism (Chrono Boost)  
  118  7:53  Assimilator, Gateway  
  118  7:54  Photon Cannon, High Templar  
  122  8:03  Shield Battery, High Templar  
  124  8:11  Zealot x2  
  128  8:15  High Templar  
  128  8:16  Pylon  
  130  8:25  Zealot x2  
  130  8:26  Nexus  
  134  8:29  Pylon  
  134  8:30  Zealot  
  134  8:31  Stalker x2  
  140  8:35  Zealot  
  128  8:48  Zealot x5  
  128  8:53  Archon  
  128  8:55  Zealot x3  
  138  9:00  Immortal (Chrono Boost)  
  124  9:05  Zealot  
  116  9:10  High Templar x3  
  116  9:13  Zealot x2  
  116  9:16  Protoss Ground Weapons Level 1 (Chrono Boost)  
  125  9:21  Zealot x2  
  125  9:24  Zealot  
  131  9:30  Probe x2  
  131  9:31  Probe  
  134  9:34  Observer (Chrono Boost)  
  134  9:36  Zealot x2, High Templar  
  141  9:41  Gateway  
  141  9:42  Zealot x2, Probe  
  141  9:43  High Templar  
  148  9:45  Zealot x2  
  148  9:48  Observer  
  148  9:50  Shield Battery  
  142  10:01  Zealot x3  
  142  10:04  Immortal  
  150  10:07  Zealot x2  
  150  10:08  Zealot  
  150  10:18  Zealot x3  
  156  10:22  Robotics Bay  
  156  10:26  Robotics Facility  
  156  10:28  Observer  
  156  10:31  Zealot x4  
  152  10:41  Zealot x5  
  158  10:43  Probe x3  
  161  10:53  Probe  
  161  10:54  Pylon  
  161  10:55  Probe  
  163  10:57  Forge  
  163  10:59  Photon Cannon  
  163  11:02  Zealot x2, Photon Cannon  
  167  11:12  Zealot x4  
  167  11:17  Archon  
  122  11:33  Stalker x3  
  122  11:34  Zealot x6  
  122  11:36  Protoss Ground Weapons Level 2 (Chrono Boost)  
  122  11:37  Disruptor (Chrono Boost)  
  143  11:41  Disruptor (Chrono Boost)  
  146  11:49  High Templar  
  148  11:54  High Templar  
  148  11:55  High Templar x2  
  148  11:56  High Templar x4  
  148  11:57  Protoss Ground Armor Level 3 (Chrono Boost), Zealot x2  
  148  12:00  Pylon  
  166  12:01  Archon  
  166  12:02  Archon  
  166  12:14  Pylon, Disruptor  
  163  12:19  Zealot x2  
  151  12:25  Zealot  
  151  12:26  Disruptor (Chrono Boost)  
  144  12:32  Zealot x5  
  144  12:33  Zealot  
  138  12:49  Nexus  
  138  12:50  Zealot x3  
  144  12:51  Pylon  
  144  12:55  Colossus (Chrono Boost)  
  144  12:56  Observer  
  150  13:02  Colossus (Chrono Boost)  
  156  13:09  Probe x3  
  156  13:10  Probe  
  160  13:13  High Templar x2  
  164  13:21  Probe  
  164  13:23  Zealot x4  
  164  13:24  Zealot  
  173  13:39  Colossus (Chrono Boost)  
  169  13:44  Probe x4  
  169  13:45  Colossus (Chrono Boost)  
  169  13:47  Shield Battery  
  185  13:52  Stalker x2  
  185  13:53  Observer  
  189  14:05  Zealot x4  
  189  14:06  Zealot  
  199  14:12  Photon Cannon  
  199  14:24  Assimilator  
  199  14:26  Assimilator  
  199  14:29  Observer  
  199  14:37  Dark Shrine  
  197  14:44  Zealot x7  
Tags
 
Add a new tag
Caveats
  • Supply blocks, unpowered buildings, or Contaminate may cause inaccurate times.
  • Supply counts are checked every 10 seconds.